 Dungeon Crawl Stone Soup version 0.23-a0-550-g7de1f8e (webtiles) character file.

11057 Mgcat the Cleaver (level 12, -34/102 HPs)
             Began as a Formicid Monk on Dec 9, 2018.
             Was a High Priest of Makhleb.
             Annihilated by a white ugly thing (51 damage)
             ... on level 11 of the Dungeon.
             The game lasted 00:23:41 (8786 turns).

Mgcat the Cleaver (Formicid Monk)                   Turns: 8786, Time: 00:23:42

Health: -34/102    AC: 16    Str: 25    XL:     12   Next: 3%
Magic:  15/15      EV: 12    Int: 11    God:    Makhleb [*****.]
Gold:   590        SH: 11    Dex: 19    Spells: 11/11 levels left

rFire    . . .     SeeInvis +   u - +9 war axe "Teckah" {freeze, rElec rC- Dex+6}
rCold    x . .     Gourm    +   o - +0 shield
rNeg     . . .     Faith    .   q - +0 chain mail
rPois    .         Spirit   .   (helmet unavailable)
rElec    +         Reflect  .   I - +0 cloak
rCorr    .         Harm     .   v - +1 pair of gloves
MR       ++...                  F - +2 pair of boots
Stlth    ..........             j - amulet of the gourmand {Gourm, !d}
HPRegen  0.27/turn              t - ring of protection from magic {MR+, !d}
MPRegen  0.14/turn              G - +3 ring of evasion

@: mighty
A: permanent stasis, dig shafts and tunnels, four strong arms, antennae 3
a: Dig, Shaft Self, Minor Destruction, Lesser Servant of Makhleb, Major
Destruction, Greater Servant of Makhleb, Renounce Religion


You were on level 11 of the Dungeon.
You worshipped Makhleb.
Makhleb was extremely pleased with you.
You were completely stuffed.

You visited 2 branches of the dungeon, and saw 12 of its levels.

You collected 590 gold pieces.

Inventory:

Hand Weapons
 f - a +2 war axe of flaming
   (You took it off an orc on level 4 of the Dungeon)
 u - the +9 war axe "Teckah" (weapon) {freeze, rElec rC- Dex+6}
   (You found it on level 6 of the Dungeon)

   It has been specially enchanted to freeze those struck by it, causing extra
   injury to most foes and up to half again as much damage against particularly
   susceptible opponents.
   It can also slow down cold-blooded creatures.
   It affects your dexterity (+6).
   It makes you vulnerable to cold.
   It insulates you from electricity.
Missiles
 l - 7 throwing nets {=f, !d}
Armour
 o - a +0 shield (worn)
   (You found it on level 2 of the Dungeon)
 q - a +0 chain mail (worn)
   (You took it off a goblin on level 3 of the Dungeon)
 v - a +1 pair of gloves (worn)
   (You found it on level 4 of the Dungeon)
 F - a +2 pair of boots (worn)
   (You found it on level 10 of the Dungeon)
 I - a +0 cloak (worn)
   (You took it off Maurice on level 10 of the Dungeon)
Jewellery
 j - an amulet of the gourmand (around neck) {Gourm, !d}
   (You found it on level 4 of the Dungeon)
 t - a ring of protection from magic (left hand) {MR+, !d}
   (You found it on level 3 of the Dungeon)
 G - a +3 ring of evasion (right hand)
   (You found it on level 10 of the Dungeon)
 J - an uncursed ring of wizardry {Wiz+, !d}
   (You found it on level 10 of the Dungeon)
Wands
 g - a wand of random effects (15)
   (You took it off Duvessa on level 4 of the Dungeon)
 p - a wand of clouds (4)
   (You found it on level 3 of the Dungeon)
 y - a wand of iceblast (14)
   (You found it on level 7 of the Dungeon)
 A - a wand of acid (8)
   (You found it on level 8 of the Dungeon)
 D - a wand of disintegration (12)
   (You found it on level 10 of the Dungeon)
 H - a wand of flame (14)
   (You found it on level 10 of the Dungeon)
Scrolls
 a - 4 scrolls of remove curse
 k - 5 scrolls of identify
 m - 3 scrolls of fog
 s - 2 scrolls of fear
 x - a scroll of magic mapping {!r}
 K - a scroll of enchant weapon
Potions
 d - 7 potions of curing
 e - 2 potions of mutation {!q}
 h - a potion of flight
 i - 3 potions of heal wounds
 r - 2 potions of ambrosia
 B - a potion of brilliance
Comestibles
 c - 23 rations
 n - 10 chunks of flesh {@w0}


   Skills:
 - Level 12.1 Fighting
 + Level 12.4 Axes
 - Level 5.4 Armour
 - Level 2.6 Dodging
 - Level 2.4 Stealth
 - Level 5.0 Shields
 - Level 5.0 Invocations


You had 11 spell levels left.
You didn't know any spells.
Your spell library contained the following spells:

 Spells                   Type           Power        Failure   Level  Hunger
 Magic Dart               Conj           #...         99%         1    ##.....
 Call Imp                 Summ           #.......     100%        2    ###....
 Slow                     Hex            #.......     100%        2    ###....
 Conjure Flame            Conj/Fire      #.......     100%        3    ####...
 Mephitic Cloud           Conj/Pois/Air  #.......     100%        3    ####...
 Blink                    Tloc           Unusable     N/A         2    N/A

Dungeon Overview and Level Annotations

Branches:
Dungeon (11/15)            Temple (1/1) D:4            Lair (0/6) D:10
    Orc (0/2) D:9

Altars:
Ashenzari
Dithmenos
Elyvilon
Fedhas
Kikubaaqudgha
Makhleb
Nemelex Xobeh
Qazlal
Sif Muna
Trog
Wu Jian
Xom
Yredelemnul

Shops:
D:7 (

Annotations:
D:2 exclusion: Terence, Terence
D:5 1 runed door, phyphor's ghost, novice DDFi
D:7 1 runed door, MisterFreud's ghost, novice TrHu


Innate Abilities, Weirdness & Mutations

You cannot be hasted, slowed, berserked, paralysed or teleported.
You can dig through walls and to a lower floor.
Your four strong arms can wield two-handed weapons with a shield.
You have a pair of large antennae on your head. (SInv)


Message History

You hear a horrible gurgling sound!
A meliai zombie comes into view.
A vampire comes into view.
You slice the howler monkey!! You freeze the howler monkey.
You kill the howler monkey!
Makhleb accepts your kill.
You feel better.
You slash the howler monkey! You freeze the howler monkey.
The howler monkey is heavily wounded.
You hit the scorpion. You freeze the scorpion.
You block the howler monkey's attack. The scorpion completely misses you.
You slash the howler monkey! You freeze the howler monkey.
You kill the howler monkey!
Makhleb accepts your kill.
You slash the scorpion! You freeze the scorpion.
You kill the scorpion!
Makhleb accepts your kill.
You feel better.
You have reached level 12!
Your experience leads to an increase in your attributes!
Your base attributes are Str 19, Int 10, Dex 13.
Increase (S)trength, (I)ntelligence, or (D)exterity?
You feel stronger.
You feel clever.
You slash the howler monkey! You freeze the howler monkey.
A white ugly thing comes into view.
The howler monkey hits you but does no damage.
You slice the howler monkey!! You freeze the howler monkey.
You kill the howler monkey!
Makhleb accepts your kill.
You completely miss the meliai zombie. The meliai zombie hits you.
The meliai zombie hits you but does no damage. x2
You block the meliai zombie's attack.
You closely miss the meliai zombie. You closely miss the adder.
You block the adder's attack.
The vampire mumbles some strange words.
The vampire flickers and vanishes for a moment.
The meliai zombie hits you but does no damage.
You block the meliai zombie's attack.
You slash the meliai zombie! You freeze the meliai zombie.
The meliai zombie is moderately damaged.
You closely miss the adder. You block the adder's attack.
The meliai zombie closely misses you. You block the meliai zombie's attack.
The adder bites you but does no damage. The meliai zombie closely misses you.
The meliai zombie misses you.
You hit the meliai zombie.
The meliai zombie is moderately damaged.
You slash the adder! You freeze the adder.
You kill the adder!
Makhleb accepts your kill.
You feel better. You block the meliai zombie's attack.
The meliai zombie barely misses you.
You hit the meliai zombie.
The meliai zombie is moderately damaged.
You block the meliai zombie's attack.
The meliai zombie hits you but does no damage.
You slash the vampire! You freeze the vampire.
The vampire is heavily damaged.
The meliai zombie hits you but does no damage. x2
You barely miss the vampire.
The vampire is heavily damaged.
You slash the meliai zombie!
The meliai zombie hits you but does no damage.
The meliai zombie barely misses you.
You slice the meliai zombie!! You freeze the meliai zombie.
The meliai zombie is almost destroyed.
Your shield and chain mail prevent you from hitting the white ugly thing.
The meliai zombie hits you but does no damage. x3
The meliai zombie hits you.
You slash the meliai zombie!
You destroy the meliai zombie!
Makhleb accepts your kill.
You feel better.
You hit the white ugly thing. The white ugly thing trunk-slaps you.
The white ugly thing freezes you!!!
You feel a terrible chill!
The vampire drinks a potion.
The vampire is healed!
You are too injured to fight recklessly!
You closely miss the white ugly thing. The white ugly thing trunk-slaps you.
The white ugly thing freezes you!!
You feel a terrible chill!
Unknown command.
Unknown command.
You feel very mighty all of a sudden.
The white ugly thing trunk-slaps you but does no damage.
You block the vampire's attack. The vampire closely misses you.
You feel much better. The white ugly thing trunk-slaps you!
The white ugly thing freezes you!!
You feel a terrible chill!
* * * LOW HITPOINT WARNING * * *
You block the vampire's attack.
The vampire bites you but does no damage.
You slice the white ugly thing!! You freeze the white ugly thing.
The white ugly thing is heavily wounded.
You slash the vampire! You freeze the vampire.
The white ugly thing trunk-slaps you but does no damage.
The vampire closely misses you. The vampire bites you.
* * * LOW HITPOINT WARNING * * *
The vampire draws strength from your injuries!
Your shield and chain mail prevent you from hitting the white ugly thing.
The white ugly thing is heavily wounded.
You slash the vampire! The white ugly thing trunk-slaps you.
* * * LOW HITPOINT WARNING * * *
The white ugly thing freezes you!!!
You feel a terrible chill!
Ouch! That really hurt!
You die...

....... ......
#######.. .....
#......... #...#
#.......... #...#
#.......^..# #...#
#..........#
..###.Vu####..........#
.......@'..'..........#
........####...........
........# #...........
........# #...........
..###...# #...(...[..#
. ##### ##÷))#+##.##
##(÷.#.##.# #<).......#
#####.###.#


You could see a white ugly thing and a vampire (invisible).

Vanquished Creatures
  Harold (D:7)
  Urug (D:10)
  2 unseen horrors (D:10)
  A deep elf mage (D:11)
  2 cyclopes (D:11)
  An ugly thing (D:11)
  Maurice (D:10)
  Psyche (D:9)
  A troll (D:10)
  A hippogriff (D:9)
  A meliai zombie (D:11)
  A spriggan (D:7)
  3 hungry ghosts
  Duvessa (D:4)
  A water moccasin (D:10)
  A black bear (D:7)
  A hornet zombie (D:8)
  2 ice beasts
  5 sky beasts
  2 orc warriors
  4 ogres
  4 necrophages
  A crocodile (D:11)
  A big kobold (D:7)
  3 bullfrogs
  A wyvern zombie (D:8)
  Dowan (D:4)
  5 scorpions
  10 killer bees (D:10)
  5 wights (D:11)
  5 howler monkeys
  6 crimson imps
  A bullfrog zombie (D:9)
  3 jellies
  2 centaur zombies
  A centaur skeleton (D:8)
  A bullfrog skeleton (D:6)
  14 orc priests
  6 hounds
  Jessica (D:2)
  8 worker ants
  3 iguanas
  10 orc wizards
  A killer bee zombie (D:8)
  A hound zombie (D:11)
  A hound skeleton (D:11)
  2 worker ant zombies (D:10)
  3 gnolls (D:4)
  A howler monkey skeleton (D:8)
  13 adders
  2 shadow imps (D:5)
  2 oozes
  A worm (D:4)
  3 dart slugs
  4 leopard geckos
  69 orcs
  6 bats
  5 giant cockroaches
  11 goblins
  6 hobgoblins
  6 jackals
  5 quokkas
  A ball python (D:4)
  6 frilled lizards
  A giant cockroach zombie (D:5)
  A jackal zombie (D:8)
  9 kobolds
  A quokka skeleton (D:10)
  A quokka zombie (D:8)
  6 rats
  A spectral orc (D:5)
  2 bushes (D:8)
  2 plants (D:8)
299 creatures vanquished.

Vanquished Creatures (collateral kills)
  A two-headed ogre (D:10)
1 creature vanquished.

Vanquished Creatures (others)
  A bush (D:8)
  3 plants (D:8)
4 creatures vanquished.

Grand Total: 304 creatures vanquished

Notes
Turn   | Place    | Note
-------+----------+-------------------------------------------
     0 | D:1      | Mgcat the Formicid Monk began the quest for the Orb.
     0 | D:1      | Reached XP level 1. HP: 18/18 MP: 1/1
    64 | D:1      | Reached XP level 2. HP: 21/24 MP: 2/2
   567 | D:1      | Reached XP level 3. HP: 30/30 MP: 3/3
   719 | D:2      | Reached skill level 4 in Fighting
  1038 | D:2      | Noticed Jessica
  1053 | D:2      | Killed Jessica
  1053 | D:2      | Reached skill level 4 in Axes
  1053 | D:2      | Reached XP level 4. HP: 17/38 MP: 4/4
  1417 | D:2      | HP: 7/38 [leopard gecko (4)]
  1742 | D:2      | Found a shimmering altar of Xom.
  1948 | D:2      | Noticed Terence
  2111 | D:3      | Reached XP level 5. HP: 18/43 MP: 5/5
  2116 | D:3      | Reached skill level 5 in Fighting
  2594 | D:3      | HP: 11/44 [poisoned by an adder]
  2783 | D:3      | Found a shadowy altar of Dithmenos.
  2918 | D:4      | Reached skill level 5 in Axes
  2918 | D:4      | Reached XP level 6. HP: 51/51 MP: 6/6
  2956 | D:4      | Noticed an ogre
  3046 | D:4      | Reached skill level 6 in Fighting
  3065 | D:4      | Reached XP level 7. HP: 18/58 MP: 7/7
  3305 | D:4      | Found a staircase to the Ecumenical Temple.
  3314 | Temple   | Entered the Ecumenical Temple
  3330 | Temple   | Became a worshipper of Makhleb the Destroyer
  3330 | Temple   | Reached * piety under Makhleb
  3330 | Temple   | Reached ** piety under Makhleb
  3426 | D:4      | Reached skill level 1 in Armour
  3426 | D:4      | Reached skill level 1 in Shields
  3615 | D:4      | Noticed Dowan
  3631 | D:4      | Killed Dowan
  3637 | D:4      | Noticed Duvessa
  3658 | D:4      | HP: 10/59 [Duvessa/+0 short sword (6)]
  3662 | D:4      | Killed Duvessa
  3662 | D:4      | Reached skill level 2 in Armour
  3662 | D:4      | Reached skill level 2 in Shields
  3662 | D:4      | Reached skill level 1 in Invocations
  3828 | D:4      | Reached skill level 6 in Axes
  3834 | D:4      | Reached XP level 8. HP: 51/65 MP: 7/9
  4056 | D:4      | Found a deep blue altar of Sif Muna.
  4266 | D:5      | Entered Level 5 of the Dungeon
  4295 | D:5      | Found a bloodstained altar of Trog.
  4317 | D:5      | Reached skill level 2 in Invocations
  4373 | D:5      | Reached skill level 3 in Shields
  4459 | D:5      | Found a stormy altar of Qazlal.
  4472 | D:5      | Reached skill level 7 in Fighting
  4492 | D:5      | Reached skill level 3 in Armour
  4497 | D:5      | Reached skill level 3 in Invocations
  4546 | D:5      | Found a runed door.
  4546 | D:5      | Noticed phyphor's ghost (novice DDFi)
  4605 | D:5      | Reached *** piety under Makhleb
  4630 | D:5      | Found a basalt altar of Yredelemnul.
  4770 | D:5      | Reached skill level 4 in Shields
  4901 | D:6      | Found a bloodstained altar of Trog.
  4913 | D:6      | Reached XP level 9. HP: 67/72 MP: 11/11
  4957 | D:6      | Got a twisted war axe
  4958 | D:6      | Identified the +9 war axe "Teckah" {freeze, rElec rC-
                  | Dex+6} (You found it on level 6 of the Dungeon)
  5035 | D:6      | Reached skill level 4 in Invocations
  5049 | D:6      | Found a shattered altar of Ashenzari.
  5093 | D:6      | Reached skill level 4 in Armour
  5305 | D:6      | Reached skill level 7 in Axes
  5606 | D:6      | Reached skill level 5 in Shields
  5878 | D:7      | Found Uwnigr Ivyr's Weapon Shop.
  5968 | D:7      | Reached skill level 8 in Fighting
  5975 | D:7      | Reached skill level 5 in Invocations
  5978 | D:7      | Reached **** piety under Makhleb
  6009 | D:7      | Noticed Harold
  6017 | D:7      | Killed Harold
  6017 | D:7      | Reached skill level 5 in Armour
  6032 | D:7      | Reached XP level 10. HP: 82/82 MP: 13/13
  6229 | D:7      | Reached skill level 8 in Axes
  6246 | D:7      | Found a runed door.
  6507 | D:7      | Noticed MisterFreud's ghost (novice TrHu)
  6536 | D:8      | Reached skill level 9 in Fighting
  6621 | D:8      | Found a white marble altar of Elyvilon.
  6622 | D:8      | Found an ancient bone altar of Kikubaaqudgha.
  6677 | D:8      | Found a blossoming altar of Fedhas.
  7063 | D:8      | Reached skill level 9 in Axes
  7199 | D:8      | Reached skill level 10 in Fighting
  7405 | D:9      | Found a staircase to the Orcish Mines.
  7436 | D:9      | Reached ***** piety under Makhleb
  7530 | D:9      | Noticed Psyche
  7542 | D:9      | Killed Psyche
  7581 | D:9      | Found a sparkling altar of Nemelex Xobeh.
  7994 | D:10     | Entered Level 10 of the Dungeon
  7994 | D:10     | Noticed an unseen horror
  7996 | D:10     | Noticed an unseen horror
  8000 | D:10     | Reached XP level 11. HP: 91/91 MP: 14/14
  8009 | D:10     | Reached skill level 10 in Axes
  8013 | D:10     | Killed an unseen horror
  8013 | D:10     | Reached skill level 11 in Fighting
  8015 | D:10     | Killed an unseen horror
  8154 | D:10     | Noticed Maurice
  8176 | D:10     | Noticed Urug
  8196 | D:10     | Killed Urug
  8205 | D:10     | Killed Maurice
  8205 | D:10     | Reached skill level 11 in Axes
  8247 | D:10     | Found a staircase to the Lair.
  8295 | D:10     | Noticed a two-headed ogre
  8304 | D:10     | Killed a two-headed ogre
  8304 | D:10     | Reached skill level 12 in Fighting
  8567 | D:11     | Noticed a deep elf mage
  8576 | D:11     | Killed a deep elf mage
  8577 | D:11     | Noticed a cyclops
  8593 | D:11     | Killed a cyclops
  8619 | D:11     | Noticed a cyclops
  8620 | D:11     | Noticed a green ugly thing
  8631 | D:11     | Killed a green ugly thing
  8631 | D:11     | Reached skill level 12 in Axes
  8635 | D:11     | Killed a cyclops
  8772 | D:11     | Reached XP level 12. HP: 101/101 MP: 15/15
  8784 | D:11     | HP: 23/102 [white ugly thing (27)]
  8786 | D:11     | Annihilated by a white ugly thing

Vault maps used:
D:1:      saegor_arrival_simple_d
D:2:      lemuel_doored_altar, st_stairs_5, hangedman_feature_mirror,
          uniq_terence, uniq_jessica
D:3:      st_stairs_9, grunt_dithmenos_smoke
D:4:      tgw_sif, minmay_temple_entry_ruins, first_ration, uniq_duvessa
D:5:      nicolae_qazlal_eye_of_the_storm, yredelemnul_forgotten_temple_becter,
          kennysheep_mini_moat, gammafunk_ghost_grave
D:6:      nicolae_ashenzari_panopticon, trog_book
D:7:      ebering_ghost_reflecting_pool, serial_shops, nicolae_shop_waterfront,
          the_bakery, uniq_harold
D:8:      fedhas_altar_decomposition, gammafunk_temple_overflow_statue,
          minmay_hedge_maze
D:9:      hiddenorc2_lemuel, nemelex_altar_shiori, uniq_psyche
D:10:     lair_entry_dummy, minmay_tree_intersection, uniq_urug, uniq_maurice
D:11:     ebering_dispersal_statue_hall
Temple:   oiseaux_autumnal_temple

Skill      XL: |  1  2  3  4  5  6  7  8  9 10 11 |
---------------+----------------------------------+-----
Fighting       | 4 5 6 7 8 10 12 | 12.1
Axes           | 4 5 6 7 9 12 | 12.4
Armour         | 2 3 5 |  5.4
Shields        | 2 4 5 |  5.0
Invocations    | 1 3 5 |  5.0
Dodging        | |  2.6
Stealth        | |  2.4

Action                   |  1- 3 |  4- 6 |  7- 9 | 10-12 || total
-------------------------+-------+-------+-------+-------++-------
Melee: Hand axe          |    89 |   170 |    30 |       ||   289
       War axe           |       |       |   224 |   356 ||   580
Invok: Minor Destruction |       |       |    14 |     2 ||    16
       Lesser Servant of |       |       |     1 |     2 ||     3
Evoke: Wand              |       |     4 |     1 |       ||     5
  Use: Potion            |       |     1 |     1 |     2 ||     4
       Scroll            |       |       |    13 |     7 ||    20
 Stab: Sleeping          |     6 |     5 |       |       ||    11
       Distracted        |       |       |     1 |       ||     1
  Eat: Chunk             |       |     7 |    23 |    18 ||    48
Armor: Robe              |    18 |     7 |       |       ||    25
       Skin              |       |    28 |       |       ||    28
       Chain mail        |       |    37 |   104 |   107 ||   248
Dodge: Dodged            |    69 |    59 |    57 |   108 ||   293
Block: Shield            |       |    66 |   114 |   152 ||   332

Table legend:
 A = Non-vault XP
 B = Vault XP
 C = Vault XP percentage of total XP
 D = Non-vault monster count
 E = Vault monster count
 F = Vault count percentage of total count
                 A         B        C        D         E       F
            +---------+---------+-------+---------+---------+-------
      Total |   11983 |    3814 |  24.1 |     239 |      57 |  19.3
            +---------+---------+-------+---------+---------+-------
        D:1 |      32 |       0 |   0.0 |      17 |       0 |   0.0
        D:2 |      44 |      44 |  50.0 |      17 |       5 |  22.7
        D:3 |     101 |      12 |  10.6 |      22 |       4 |  15.4
        D:4 |     656 |     266 |  28.9 |      33 |       3 |   8.3
        D:5 |     745 |       1 |   0.1 |      27 |       1 |   3.6
        D:6 |     843 |       0 |   0.0 |      21 |       0 |   0.0
        D:7 |     791 |     796 |  50.2 |      16 |       2 |  11.1
        D:8 |    1211 |     524 |  30.2 |      23 |       7 |  23.3
        D:9 |     699 |     990 |  58.6 |      13 |      32 |  71.1
       D:10 |    3587 |    1178 |  24.7 |      26 |       2 |   7.1
       D:11 |    3274 |       3 |   0.1 |      24 |       1 |   4.0
            +---------+---------+-------+---------+---------+-------

Vault maps used:
D:1:      saegor_arrival_simple_d
D:2:      lemuel_doored_altar, st_stairs_5, hangedman_feature_mirror,
          uniq_terence, uniq_jessica
D:3:      st_stairs_9, grunt_dithmenos_smoke
D:4:      tgw_sif, minmay_temple_entry_ruins, first_ration, uniq_duvessa
D:5:      nicolae_qazlal_eye_of_the_storm, yredelemnul_forgotten_temple_becter,
          kennysheep_mini_moat, gammafunk_ghost_grave
D:6:      nicolae_ashenzari_panopticon, trog_book
D:7:      ebering_ghost_reflecting_pool, serial_shops, nicolae_shop_waterfront,
          the_bakery, uniq_harold
D:8:      fedhas_altar_decomposition, gammafunk_temple_overflow_statue,
          minmay_hedge_maze
D:9:      hiddenorc2_lemuel, nemelex_altar_shiori, uniq_psyche
D:10:     lair_entry_dummy, minmay_tree_intersection, uniq_urug, uniq_maurice
D:11:     ebering_dispersal_statue_hall
Temple:   oiseaux_autumnal_temple

Table legend:
 A = Turns spent in this place as a percentage of turns spent in the entire game.
 B = Non-inter-level travel turns spent in this place as a percentage of non-inter-level travel turns spent in the entire game.
 C = Inter-level travel turns spent in this place as a percentage of turns spent in this place.
 D = Turns resting spent in this place as a percentage of non-inter-level travel turns spent in this place.
 E = Turns spent auto-exploring this place as a percentage of non-inter-level travel turns spent in this place.
 F = Non-inter-level travel turns spent in this place divided by the number of levels of this place that you've seen.
                   A       B       C       D       E      F
               +-------+-------+-------+-------+-------+----------------------
         Total | 100.0 | 100.0 |   4.9 |  13.7 |  64.5 | 696.6
       Dungeon |  99.6 |  99.8 |   4.7 |  13.8 |  64.5 | 758.3
        Temple |   0.4 |   0.2 |  45.5 |   0.0 |  55.6 |  18.0
               +-------+-------+-------+-------+-------+----------------------

Table legend:
 A = Kills in this place as a percentage of kills in entire the game.
 B = Kills by you in this place as a percentage of kills by you in the entire game.
 C = Kills by friends in this place as a percentage of kills by friends in the entire game.
 D = Other kills in this place as a percentage of other kills in the entire game.
 E = Experience gained in this place as a percentage of experience gained in the entire game.
 F = Experience gained in this place divided by the number of levels of this place that you have seen.
                   A       B       C       D       E      F
               +-------+-------+-------+-------+-------+----------------------
         Total | 100.0 | 100.0 | 100.0 |   N/A | 100.0 | 1316.4
       Dungeon | 100.0 | 100.0 | 100.0 |   N/A | 100.0 | 1436.1
               +-------+-------+-------+-------+-------+----------------------
